 Dungeon Crawl Stone Soup version 0.26-a0-64-g059e62fbdb (webtiles) character file.

Game seed: 11317490836022175978

3589 inmateoo the Gouger (level 9, -1/50 HPs)
             Began as a Felid Transmuter on June 11, 2020.
             Was an Elder of Makhleb.
             Killed by divine providence
             ... invoked by an orc priest
              (12 damage)
             ... on level 9 of the Dungeon.
             The game lasted 00:19:41 (13579 turns).

inmateoo the Gouger (Felid Transmuter)             Turns: 13579, Time: 00:19:42

Health: -1/50      AC:  6    Str:  6    XL:     9   Next: 85%
Magic:  16/19      EV: 13    Int: 18    God:    Makhleb [****..]
Gold:   591        SH:  0    Dex: 17    Spells: 5/20 levels left
                                        Lives:  0   Deaths: 3

rFire    x . .     SeeInvis +     - Unarmed
rCold    + + +     Gourm    .   (shield unavailable)
rNeg     . . .     Faith    .   (armour unavailable)
rPois    +         Spirit   .   (helmet unavailable)
rElec    .         Reflect  .   (cloak unavailable)
rCorr    .         Harm     .   (gloves unavailable)
MR       +....                  (boots unavailable)
Stlth    ++++......             l - amulet of magic regeneration
HPRegen  0.16/turn              b - ring of stealth
MPRegen  0.41/turn              h - ring of poison resistance

@: ice-form, very slightly contaminated
A: large, no armour, no weapons or thrown items, stealth, see invisible,
carnivore, slow metabolism 1
a: End Transformation, Minor Destruction, Lesser Servant of Makhleb, Major
Destruction, Renounce Religion


You were on level 9 of the Dungeon.
You worshipped Makhleb.
Makhleb was greatly pleased with you.
You were full.
You were a creature of crystalline ice.
You visited 2 branches of the dungeon, and saw 10 of its levels.
You also visited: Ossuary.

You collected 591 gold pieces.

Inventory:

Missiles
 a - 87 arrows
Jewellery
 b - a ring of stealth (left front paw)
 h - a ring of poison resistance (right front paw)
 l - an amulet of magic regeneration (around neck)
 p - an uncursed amulet of the acrobat {unknown}
 w - an uncursed ring of flight
Wands
 m - a wand of flame (21)
 x - a wand of acid (6)
 z - a wand of digging (10)
Scrolls
 e - a scroll of fog
 k - a scroll of remove curse
 s - a scroll of amnesia
 u - 4 scrolls of teleportation
 y - 2 scrolls of identify
Potions
 d - 5 potions of brilliance
 f - 3 potions of might
 g - a potion of resistance {unknown}
 i - 2 potions of heal wounds {unknown}
 j - 7 potions of curing
 n - a potion of flight {unknown}
 o - 2 potions of cancellation
 q - 4 potions of lignification
 r - a potion of stabbing
 t - 2 potions of ambrosia
 v - 2 potions of mutation
Comestibles
 c - 12 rations


   Skills:
 + Level 6.6 Fighting
 - Level 5.0 Dodging
 - Level 5.0 Stealth
 - Level 8.0 Unarmed Combat
 + Level 6.4 Spellcasting
 + Level 6.9 Transmutations
 - Level 5.0 Ice Magic
 - Level 4.0 Poison Magic
 + Level 5.7 Invocations


You had 5 spell levels left.
You knew the following spells:

 Your Spells              Type           Power        Failure   Level  Hunger
a - Beastly Appendage     Tmut           ####..       1%          1    None
b - Sticks to Snakes      Tmut           ####....     1%          2    None
c - Spider Form           Tmut/Pois      ####......   3%          3    ##.....
d - Ice Form              Ice/Tmut       ####....     10%         4    ####...
e - Blade Hands           Tmut           ####......   19%         5    #####..

Your spell library contained the following spells:

 Spells                   Type           Power        Failure   Level  Hunger


Dungeon Overview and Level Annotations

Branches:
Dungeon (9/15)             Temple (1/1) D:5            Lair (0/6) D:8
    Orc (0/2) D:9         Ossuary (visited)

Altars:
Cheibriados
Dithmenos
Elyvilon
Gozag
Hepliaklqana
Kikubaaqudgha
Makhleb
Nemelex Xobeh
Okawaru
Ru
Trog
Uskayaw
Vehumet
Wu Jian
Xom
Yredelemnul
Zin
The Shining One

Annotations:
D:5 2 transporters, Menkaure
D:9 2 runed translucent doors


Innate Abilities, Weirdness & Mutations

You cannot wear armour.
You are incapable of wielding weapons or throwing items.
Your paws allow you to move quietly. (Stealth)
((You have sharp claws.))
((You have razor-sharp teeth.))
You have supernaturally acute eyesight. (SInv)
You are carnivorous and can eat meat at any time.
((You cover ground quickly.))
((You are covered in thick fur. (AC +2)))
You have a slow metabolism.
((Your sharp claws are effective at attacking unaware monsters.))


Message History

You are too injured to fight recklessly!
Casting: Spider Form (dangerous; 3% risk of failure)
Confirm with . or Enter, or press ? or * to list all spells.
The spell is quite dangerous to cast (10% risk of failure)!
Continue anyway?
You turn into a creature of crystalline ice.
The orc priest completely misses you.
Unknown command.
You completely miss the orc priest. You punch the orc priest!
You freeze the orc priest.
You kill the orc priest!
Makhleb accepts your kill.
You feel better.
The orc priest invokes the aid of Beogh against you.
Beogh smites you!
* * * LOW HITPOINT WARNING * * *
Things that are here:
a +0 falchion; a +0 ring mail; an orc corpse The orc priest calls down the wrath of Beogh upon you.
Beogh smites you!
You die...

)#####.#†####.#####'##
..................#'########
...........................#
.................#######...#
.................# #...######
...............))# #...##....
.................# #...##....
................)# #....'....
................Y# .o ######....
.................###'###.........
................o#8.o.8######.#..
........................#...#.#..
..o.................>...#.#.#.#..
...†.)..................#.#.#.#..
................... #.#.#.#.#.#..
..................###...#.#†#.#..
................. ###.#.#.#.#.#


You could see an orc priest.

Vanquished Creatures
  Pikel (D:7)
  A troll (D:5)
  4 hippogriffs
  Sigmund (D:2)
  5 yaks (D:9)
  A steam dragon (D:9)
  A water moccasin (D:9)
  4 porcupines (D:8)
  5 orc warriors
  2 black bears (D:8)
  A hornet zombie (D:8)
  3 ice beasts
  3 sky beasts
  2 phantoms
  An eye of draining (D:9)
  4 ogres
  5 centaurs
  A big kobold (D:8)
  6 bullfrogs
  A gnoll sergeant (D:9)
  A water moccasin zombie (Ossuary)
  3 scorpions
  2 howler monkeys
  3 crimson imps
  A centaur zombie (D:5)
  6 hounds
  9 orc priests
  2 bullfrog skeletons
  2 centaur skeletons
  A gnoll shaman (D:8)
  Ijyb (D:4)
  An iguana (D:7)
  12 orc wizards
  6 worker ants
  A killer bee zombie (D:6)
  A hound zombie (D:5)
  A hound skeleton (D:4)
  2 mummies (Ossuary)
  A howler monkey zombie (D:5)
  A worker ant zombie (D:7)
  15 gnolls
  13 adders
  A howler monkey skeleton (D:6)
  3 oozes
  4 adder zombies (Ossuary)
  3 adder skeletons
  A worm (D:2)
  2 dart slugs (D:1)
  7 leopard geckos
  35 orcs
  4 giant cockroaches
  3 gnoll zombies (Ossuary)
  7 goblins
  12 hobgoblins
  14 jackals
  11 kobolds
  2 quokkas
  2 ball pythons
  7 bats
  8 frilled lizards
  6 hobgoblin zombies (Ossuary)
  7 kobold zombies (Ossuary)
  A leopard gecko skeleton (D:4)
  6 orc zombies (Ossuary)
  9 rats
292 creatures vanquished.

Vanquished Creatures (collateral kills)
  The ghost of gkniet the Chopper, an amateur DDCK of Makhleb (D:8)
  A gnoll (D:8)
  A hobgoblin (D:2)
3 creatures vanquished.

Vanquished Creatures (others)
  A bullfrog zombie (D:7)
  An orc (D:7)
  17 fungi (D:8)
19 creatures vanquished.

Grand Total: 314 creatures vanquished

Notes
Turn   | Place    | Note
-------+----------+-------------------------------------------
     0 | D:1      | inmateoo the Felid Transmuter began the quest for the Orb.
     0 | D:1      | Reached XP level 1. HP: 9/9 MP: 4/4
   249 | D:1      | Reached XP level 2. HP: 5/12 MP: 4/6
   434 | D:1      | Reached skill level 1 in Stealth
   798 | D:1      | Reached XP level 3. HP: 15/15 MP: 7/7
  1068 | D:1      | Learned a level 2 spell: Sticks to Snakes
  1072 | D:1      | Learned a level 3 spell: Spider Form
  2022 | D:2      | Reached XP level 4. HP: 12/19 MP: 4/8
  2584 | D:2      | Noticed Sigmund
  2600 | D:2      | Killed Sigmund
  2600 | D:2      | Reached skill level 1 in Poison Magic
  2600 | D:2      | Reached XP level 5. HP: 22/22 MP: 4/10
  2609 | D:2      | Gained mutation: You are covered in thick fur. (AC +2)
                  | [Felid growth]
  2609 | D:2      | Reached XP level 6. HP: 21/27 MP: 5/11
  3308 | D:3      | Learned a level 4 spell: Ice Form
  3731 | D:4      | HP: 1/27 [orc priest/divine providence (12)]
  3732 | D:4      | Slain by an orc
  3733 | D:4      | Reached XP level 5. HP: -5/23 MP: 8/10
  3839 | D:4      | Noticed an ogre
  3849 | D:4      | Killed an ogre
  3849 | D:4      | Reached XP level 6. HP: 27/27 MP: 8/11
  3881 | D:4      | Noticed Ijyb
  3891 | D:4      | Killed Ijyb
  3891 | D:4      | Reached skill level 4 in Unarmed Combat
  4803 | D:4      | You fall into a shaft and drop 1 floor!
  4803 | D:5      | Entered Level 5 of the Dungeon
  4814 | D:5      | Reached XP level 7. HP: 9/30 MP: 8/13
  5239 | D:5      | Noticed a troll
  5239 | D:5      | Reached skill level 1 in Ice Magic
  5244 | D:5      | Reached skill level 5 in Dodging
  6120 | D:5      | Killed a troll
  6120 | D:5      | Reached skill level 5 in Stealth
  6120 | D:5      | Reached XP level 8. HP: 35/36 MP: 6/15
  6253 | D:5      | Found a staircase to the Ecumenical Temple.
  6286 | Temple   | Entered the Ecumenical Temple
  6335 | Temple   | Became a worshipper of Makhleb the Destroyer
  6388 | D:5      | Found a basalt altar of Yredelemnul.
  6389 | D:5      | Noticed Menkaure
  6394 | D:5      | Found a transporter.
  6405 | D:5      | Found a transporter.
  6419 | D:5      | Found an ancient bone altar of Kikubaaqudgha.
  6666 | D:6      | Reached skill level 5 in Unarmed Combat
  6711 | D:6      | Found a sand-covered staircase.
  6719 | Ossuary  | Entered an ossuary
  6921 | Ossuary  | Reached * piety under Makhleb
  6922 | Ossuary  | Reached skill level 5 in Transmutations
  7161 | Ossuary  | Killed by miscasting Ice Form
  7162 | Ossuary  | Reached XP level 7. HP: -1/33 MP: 11/14
  7503 | D:6      | Reached XP level 8. HP: 36/36 MP: 14/16
  7735 | D:6      | Found a hazy altar of Hepliaklqana.
  7735 | D:6      | Found an ornate altar of the Wu Jian Council.
  7751 | D:6      | Reached skill level 5 in Fighting
  7758 | D:6      | Reached skill level 5 in Spellcasting
  7790 | D:6      | Found an iron altar of Okawaru.
  8037 | D:6      | Reached skill level 1 in Invocations
  8353 | D:6      | Reached ** piety under Makhleb
  9145 | D:7      | Noticed Pikel
  9155 | D:7      | Learned a level 5 spell: Blade Hands
  9186 | D:7      | Killed Pikel
  9186 | D:7      | Reached skill level 5 in Ice Magic
  9186 | D:7      | Reached XP level 9. HP: 30/40 MP: 13/17
  9458 | D:7      | Found a white marble altar of Elyvilon.
  9680 | D:7      | Reached skill level 5 in Invocations
  9795 | D:7      | Found a glowing silver altar of Zin.
 10301 | D:8      | Found a staircase to the Lair.
 10310 | D:8      | Reached skill level 6 in Unarmed Combat
 10597 | D:8      | Reached *** piety under Makhleb
 10864 | D:8      | Reached XP level 10. HP: 41/45 MP: 19/19
 11427 | D:8      | Found a runed translucent door.
 11427 | D:8      | Noticed gkniet's ghost (amateur DDCK)
 11752 | D:8      | Killed gkniet's ghost
 11913 | D:9      | Reached skill level 7 in Unarmed Combat
 12702 | D:9      | Found a snail-covered altar of Cheibriados.
 12725 | D:9      | Reached **** piety under Makhleb
 13154 | D:9      | Found the +2 shield of Resistance {rF+ rC+ MR+}
 13154 | D:9      | Found a runed translucent door.
 13154 | D:9      | Noticed a fire dragon
 13154 | D:9      | Noticed an ice dragon
 13155 | D:9      | Noticed a fire dragon
 13156 | D:9      | Noticed an ice dragon
 13157 | D:9      | Found a runed translucent door.
 13290 | D:9      | Reached skill level 8 in Unarmed Combat
 13367 | D:9      | Found a staircase to the Orcish Mines.
 13478 | D:9      | Mangled by an orc warrior
 13479 | D:9      | Reached XP level 9. HP: -9/42 MP: 19/19
 13579 | D:9      | Killed from afar by an orc priest

Illustrated notes

Levels and vault maps discovered:
D:1:      lightli_arrival_noodles, layout_basic
D:2:      layout_loops_ring, uniq_sigmund
D:3:      layout_basic, first_ration, chequers_serial_rivers_small_3
D:4:      layout_basic, uniq_ijyb
D:5:      layout_cave_pools, gammafunk_temple_of_torment,
          minmay_temple_entry_drinking_statues
D:6:      layout_loops_ring, grunt_temple_overflow_open,
          chequers_ossuary_entry_cave, minmay_misc_feat_doors
D:7:      layout_rooms, zin_scriptorium, basic_altar, uniq_pikel
D:8:      layout_basic, due_lair_maze_entry_diamond,
          hellmonk_ghost_happy_afterlife
D:9:      layout_basic, minmay_orc_entry_temple_small, basic_altar,
          minmay_guarded_unrand_resistance
Temple:   eino_temple_rhombus

Skill      XL: |  1  2  3  4  5  6  7  8  9 10 |
---------------+-------------------------------+-----
Stealth        | 1 2 3 4 5 |  5.0
Dodging        | 3 4 5 |  5.0
Fighting       | 2 3 5 6 |  6.6
Transmutations | 3 4 5 6 |  6.9
Poison Magic   | 1 2 3 4 |  4.0
Spellcasting   | 3 4 5 6 |  6.4
Unarmed Combat | 4 5 6 8 |  8.0
Ice Magic      | 3 5 |  5.0
Invocations    | 4 5 |  5.7

Action                   |  1- 3 |  4- 6 |  7- 9 | 10-12 || total
-------------------------+-------+-------+-------+-------++-------
Melee: Unarmed           |   105 |   165 |   523 |   244 ||  1037
       Bite              |    10 |     9 |    18 |     6 ||    43
       Headbutt          |     4 |       |       |       ||     4
       Punch             |       |       |     6 |     2 ||     8
 Cast: Beastly Appendage |    17 |       |       |       ||    17
       Spider Form       |     2 |    12 |    16 |     7 ||    37
       Sticks to Snakes  |       |     1 |    14 |     6 ||    21
       Ice Form          |       |       |    13 |     4 ||    17
       Blade Hands       |       |       |     1 |     3 ||     4
Invok: Minor Destruction |       |       |    10 |     5 ||    15
       Lesser Servant of |       |       |       |     1 ||     1
 Abil: End Transformatio |       |       |     2 |       ||     2
Evoke: Wand              |       |       |     1 |       ||     1
  Use: Scroll            |       |     6 |    12 |     2 ||    20
 Stab: Sleeping          |    10 |     9 |    23 |     6 ||    48
       Distracted        |       |     2 |       |       ||     2
  Eat: Chunk             |     2 |    21 |    23 |     9 ||    55
Armor: Skin              |     4 |     4 |    53 |    19 ||    80
Dodge: Dodged            |    89 |   126 |   394 |   169 ||   778

Table legend:
 A = Non-vault XP
 B = Vault XP
 C = Vault XP percentage of total XP
 D = Non-vault monster count
 E = Vault monster count
 F = Vault count percentage of total count
                 A         B        C        D         E       F
            +---------+---------+-------+---------+---------+-------
      Total |    8555 |    2590 |  23.2 |     244 |      51 |  17.3
            +---------+---------+-------+---------+---------+-------
        D:1 |      78 |       0 |   0.0 |      37 |       0 |   0.0
        D:2 |     113 |     231 |  67.2 |      21 |       1 |   4.5
        D:3 |      47 |       0 |   0.0 |      20 |       0 |   0.0
        D:4 |     362 |      36 |   9.0 |      16 |       1 |   5.9
        D:5 |    1168 |       0 |   0.0 |      24 |       0 |   0.0
        D:6 |    1286 |       0 |   0.0 |      23 |       0 |   0.0
        D:7 |    1121 |     607 |  35.1 |      30 |       1 |   3.2
        D:8 |    1519 |    1093 |  41.8 |      31 |       9 |  22.5
        D:9 |    2861 |     462 |  13.9 |      42 |      10 |  19.2
    Ossuary |       0 |     161 | 100.0 |       0 |      29 | 100.0
            +---------+---------+-------+---------+---------+-------
